Workbook
Name \w: #N/A
Name \X: #N/A
Name _____________________________________________________TEP44: #N/A
Name _____________________________________________________TZ216: #N/A
Name ____________________________________________________TPE1132: #N/A
Name ____________________________________________________TPE1331: #N/A
Name ____________________________________________________TPE1702: #N/A
Name ____________________________________________________TPE1703: #N/A
Name ____________________________________________________TPE1704: #N/A
Name ____________________________________________________TPE1706: #N/A
Name ____________________________________________________TPE1708: #N/A
Name ____________________________________________________TPE1710: #N/A
Name ____________________________________________________TPE1735: #N/A
Name ____________________________________________________TPE1763: #N/A
Name ____________________________________________________TPE1790: #N/A
Name ____________________________________________________TZ214: #N/A
Name ____________________________________________________TZ32510: #N/A
Name ___________________________________________________Cod1: #N/A
Name ___________________________________________________TEP44: #N/A
Name ___________________________________________________TZ216: #N/A
Name __________________________________________________TEP44: #N/A
Name __________________________________________________TPE1132: #N/A
Name __________________________________________________TPE1331: #N/A
Name __________________________________________________TPE1702: #N/A
Name __________________________________________________TPE1703: #N/A
Name __________________________________________________TPE1704: #N/A
Name __________________________________________________TPE1706: #N/A
Name __________________________________________________TPE1708: #N/A
Name __________________________________________________TPE1710: #N/A
Name __________________________________________________TPE1735: #N/A
Name __________________________________________________TPE1763: #N/A
Name __________________________________________________TPE1790: #N/A
Name __________________________________________________TZ214: #N/A
Name __________________________________________________TZ216: #N/A
Name __________________________________________________TZ32510: #N/A
Name _________________________________________________TEP44: #N/A
Name _________________________________________________TPE1132: #N/A
Name _________________________________________________TPE1331: #N/A
Name _________________________________________________TPE1702: #N/A
Name _________________________________________________TPE1703: #N/A
Name _________________________________________________TPE1704: #N/A
Name _________________________________________________TPE1706: #N/A
Name _________________________________________________TPE1708: #N/A
Name _________________________________________________TPE1710: #N/A
Name _________________________________________________TPE1735: #N/A
Name _________________________________________________TPE1763: #N/A
Name _________________________________________________TPE1790: #N/A
Name _________________________________________________TZ214: #N/A
Name _________________________________________________TZ216: #N/A
Name _________________________________________________TZ32510: #N/A
Name ________________________________________________TEP44: #N/A
Name ________________________________________________TPE1132: #N/A
Name ________________________________________________TPE1331: #N/A
Name ________________________________________________TPE1702: #N/A
Name ________________________________________________TPE1703: #N/A
Name ________________________________________________TPE1704: #N/A
Name ________________________________________________TPE1706: #N/A
Name ________________________________________________TPE1708: #N/A
Name ________________________________________________TPE1710: #N/A
Name ________________________________________________TPE1735: #N/A

Sheet Información general
B14: PROPUESTA ECONÓMICA
B16: I. INFORMACIÓN GENERAL
B17: NOMBRE PROVEEDOR
B18: NIT
B19: REGIMEN DE TRIBUTACIÓN
B20: FECHA DE COTIZACIÓN
B21: TIEMPO DE ENTREGA DÍAS CALENDARIO
B22: VIGENCIA DE COTIZACIÓN
B23: MONEDA
B24: GARANTÍAS OFRECIDAS
B26: NOTA: | C26: La propuesta economica debe incluir todos los costos asociados a la prestación del servicio y/o entrega del bien o servicio
B29: II. DATOS DE CONTACTO
B30: NOMBRE PERSONA DE CONTACTO
B31: CORREO
B32: CELULAR / TELÉFONO
B33: NOMBRE REPRESENTANTE LEGAL
B34: FIRMA REPRESENTANTE LEGAL O TITULAR (PERSONA NATURAL)
B36: FIRMA ABONO DE LA PROPUESTA (SI APLICA)

Sheet RESUMEN
B1: =+C3 -> Reparaciones locativas y modificaciones de menor complejidad en escenarios deportivos en el Parque Club Comfenalco Guayabal en el Distrito de Medellín, y el Parque los Encuentros, en el municipio de Apartadó, Antioquia | C1: #VALUE!
B2: DATOS INICIALES DEL PROYECTO
B3: NOMBRE DEL PROYECTO | C3: Reparaciones locativas y modificaciones de menor complejidad en escenarios deportivos en el Parque Club Comfenalco Guayabal en el Distrito de Medellín, y el Parque los Encuentros, en el municipio de Apartadó, Antioquia
B4: VALOR SALARIO MÍNIMO AÑO DE VIGENCIA (PROYECTADO 2026) | C4: 1750905
B5: VALOR AUXILIO DE TRANSPORTE AÑO DE VIGENCIA (PROYECTADO 2026) | C5: 249095
B6: DURACIÓN ESTIMADA DEL PROYECTO (MESES) | C6: 3
B7: DURACIÓN ESTIMADA DE LA INTERVENTORÍA (MESES) | C7: 4
B8: INTERVENCIÓN UNIDADES DEPORTIVAS CANCHAS GUAYABAL
B9: =+'PPTO GRAL GUAYABAL'!C7 -> CANCHA MULTIPLE | D9: =+'PPTO GRAL GUAYABAL'!G7 -> 0
B10: =+'PPTO GRAL GUAYABAL'!C30 -> CANCHAS AUXILIARES DE MICRO FUTBOL SINTETICAS | D10: =+'PPTO GRAL GUAYABAL'!G30 -> 0
B11: =+'PPTO GRAL GUAYABAL'!C53 -> ENTORNO CANCHA DE FUTBOL 11 SINTETICA | D11: =+'PPTO GRAL GUAYABAL'!G53 -> 0
B12: =+'PPTO GRAL GUAYABAL'!C61 -> CANCHAS DE TEJO | D12: =+'PPTO GRAL GUAYABAL'!G61 -> 0
B13: =+'PPTO GRAL GUAYABAL'!C102 -> GRADERIAS CANCHA AUXILIAR Y FUTBOL | D13: =+'PPTO GRAL GUAYABAL'!G102 -> 0
B14: INTERVENCIÓN UNIDADES DEPORTIVAS ENCUENTROS - URABA
B15: =+'PPTO GRAL ENCUENTROS'!C7 -> CANCHAS SINTETICAS | D15: =+'PPTO GRAL ENCUENTROS'!G7 -> 0
B16: =+'PPTO GRAL ENCUENTROS'!C31 -> PLACA DEPORTIVA | D16: =+'PPTO GRAL ENCUENTROS'!G31 -> 0
B17: =+'PPTO GRAL ENCUENTROS'!C50 -> CANCHA VÓLEY PLAYA | D17: =+'PPTO GRAL ENCUENTROS'!G50 -> 0
B18: VALOR ESTIMADO DE LA INTERVENCIÓN
B19: COSTOS DIRECTOS | D19: =SUM(D9:D13,D15:D17) -> 0
B20: ADMINISTRACIÓN | C20: =+AU!K34 -> 0 | D20: =ROUND((+D19*C20),0) -> 0
B21: UTILIDAD | C21: =+AU!K35 -> 0 | D21: =ROUNDUP((+D19*C21),0) -> 0
B22: IVA SOBRE UTILIDAD | C22: 0.19 | D22: =ROUNDUP((+D21*C22),0) -> 0
B23: POLIZAS
B24: VALOR TOTAL OBRA CIVIL | D24: =SUM(D19:D23) -> 0
B27: ENCUENTROS
B28: COSTO DIRECTO | D28: =+SUM(D15:D17) -> 0
B29: ADMINISTRACIÓN | C29: =+AU!$K$34 -> 0 | D29: =ROUND((+D28*C29),0) -> 0
B30: UTILIDAD | C30: =+AU!$K$35 -> 0 | D30: =ROUND((+D28*C30),0) -> 0
B31: IVA SOBRE UTILIDAD | C31: 0.19 | D31: =ROUNDUP((+D30*C31),0) -> 0
B32: PÓLIZAS | D32: =IFERROR(+$D$23*((D15+D16+D17)/$D$19),0) -> 0
B34: GUAYABAL
B35: COSTO DIRECTO | D35: =+SUM(D9:D13) -> 0
B36: ADMINISTRACIÓN | C36: =+AU!$K$34 -> 0 | D36: =ROUND((+D35*C36),0) -> 0
B37: UTILIDAD | C37: =+AU!$K$35 -> 0 | D37: =ROUND((+D35*C37),0) -> 0
B38: IVA SOBRE UTILIDAD | C38: 0.19 | D38: =ROUND((+D37*C38),0) -> 0
B39: PÓLIZAS | D39: =IFERROR(+$D$23*((D9+D10+D11+D12+D13)/$D$19),0) -> 0

Sheet PPTO GRAL GUAYABAL
B2: Modificaciones de canchas recreo-deportivas en el Parque Club Comfenalco Guayabal | F2: #VALUE!
B3: PRESUPUESTO GENERAL OBRA CIVIL
B5: Columna1 | C5: Columna2 | D5: Columna3 | E5: Columna4 | F5: Columna5 | G5: Columna6
B6: ITEM | C6: DESCRIPCION | D6: UNIDAD | E6: CANTIDAD | F6: VALOR UNITARIO | G6: VALOR TOTAL
B7: 1 | C7: CANCHA MULTIPLE | G7: =+G8+G10+G12+G16+G27 -> 0
B8: 1.1 | C8: CERRAMIENTOS | G8: =SUM(G9:G9) -> 0
B9: 1,1,1 | C9: Instalación de CERRAMIENTO PROVISIONAL EN TELA VERDE con una altura de 2,1 m, y estructura en larguero común cada 2 metros, concreto de 17.5 Mpa para fijación de estructura en madera común. Incluye suministro, transporte, instalación y desmonte de la tela y demás elementos, excavación manual en cualquier material, cargue, transporte y botada de material sobrante, alambre galvanizado y grapas para asegurar el borde inferior y todos los demás elementos necesarios para su correcta instalación. Deberá estar en buen estado durante toda la ejecución de la obra. | D9: m2 | E9: 118.9 | G9: =+ROUND(Tabla14[[#This Row],[Columna4]]*Tabla14[[#This Row],[Columna5]],0) -> 0
B10: 1.2 | C10: DEMOLICIONES Y RETIROS | G10: =SUM(G11:G11) -> 0
B11: 1,2,1 | C11: DESTRONQUE DE PISO EXISTENTE. Incluye: maquinaria, mano de obra necesaria, extensiones, protección de muros y elementos adyacentes, aseo final del espacio intervenido tras cada jornada de trabajo, garantizando nivelación de superficie. | D11: m2 | E11: 611.8 | G11: =+ROUND(Tabla14[[#This Row],[Columna4]]*Tabla14[[#This Row],[Columna5]],0) -> 0
B12: 1.3 | C12: CONCRETOS Y MORTEROS | G12: =SUM(G13:G15) -> 0
B13: 1,3,1 | C13: Colocación de MORTERO DE NIVELACION con pendiente de 0,5 % o indicada en planos, espesor hasta 5cms, incluye aditivo según requerimientos tecnicos, con previa aprobacion de la supervision y/o interventoria. Incluye suministro y transporte de los materiales, y todos los demás elementos necesarios para su correcta construcción. | D13: m2 | E13: 611.8 | G13: =+ROUND(Tabla14[[#This Row],[Columna4]]*Tabla14[[#This Row],[Columna5]],0) -> 0
B14: 1,3,2 | C14: INDUCCION DE JUNTAS según requerimiento tecnico mediante cortadora de concreto, de manera mecanica con un espesor de 5 mm, incluye todo lo necesario para la correcta ejecución de la actividad. | D14: ml | E14: 544.5 | G14: =+ROUND(Tabla14[[#This Row],[Columna4]]*Tabla14[[#This Row],[Columna5]],0) -> 0
B15: 1,3,3 | C15: TRATAMIENTO DE JUNTAS Y FISURAS con aditivo epoxico para sello de juntas de diltacion y fisuras existentes e inducidas, incluye mano de obra, transporte de materiales y todo lo necesario para su correcta aplicación. | D15: ml | E15: 560.04 | G15: =+ROUND(Tabla14[[#This Row],[Columna4]]*Tabla14[[#This Row],[Columna5]],0) -> 0
B16: 1.4 | C16: MANTENIMIENTOS | G16: =SUM(G17:G26) -> 0
B17: 1,4,1 | C17: Mantenimiento de PARALES Y DIAGONALES, incluye limpieza y tratamientode superficie, ajuste de soldadura, pulida y aplicacion de pintura anticorrosiva 2 en 1 a dos manos hasta un 20%, color gris. Cumpliendo los requerimientos e indicaciones de la supervisión, incluye todo lo necesario para la correcta ejecución de la actividad. | D17: ml | E17: 639.61 | G17: =+ROUND(Tabla14[[#This Row],[Columna4]]*Tabla14[[#This Row],[Columna5]],0) -> 0
B18: 1,4,2 | C18: Mantenimiento de CERRAMIENTO PERIMETRAL en malla eslabonada, incluye pisa malla en concreto, tensión de malla, incluye todo lo necesario para la correcta ejecución de la actividad. | D18: m2 | E18: 349.99 | G18: =+ROUND(Tabla14[[#This Row],[Columna4]]*Tabla14[[#This Row],[Columna5]],0) -> 0
B19: 1,4,3 | C19: Retiro y REPOSICION CERRAMIENTO en malla eslabonada de de 4 mm con la misma configuracion actual , según estado e indicaciones de la supervisión, incluye construcción de pisa malla en concreto, debe tener un correcto anclaje a los parales principales, incluye todo lo necesario para la correcta ejecución de la actividad. | D19: m2 | E19: 22.34 | G19: =+ROUND(Tabla14[[#This Row],[Columna4]]*Tabla14[[#This Row],[Columna5]],0) -> 0
B20: 1,4,4 | C20: Mantenimiento de LUMINARIAS EN POSTE. Cada poste tiene tres luminarias o reflectores, incluye limpiezas, direcionamiento y verificación de alturas según el estado actual de cada una, incluye todo lo necesario para la correcta ejecución. | D20: und | E20: 4 | G20: =+ROUND(Tabla14[[#This Row],[Columna4]]*Tabla14[[#This Row],[Columna5]],0) -> 0
B21: 1,4,5 | C21: Mantenimiento de CUNETAS, incluye resane, limpieza, suministro y aplicación de pintura impermeable, recogida de residuos y disposición final de estos, transporte de equipos, mano de obra y todo lo necesario para su correcta limpieza | D21: ml | E21: 40.52 | G21: =+ROUND(Tabla14[[#This Row],[Columna4]]*Tabla14[[#This Row],[Columna5]],0) -> 0
B22: 1,4,6 | C22: Mantenimiento de CAJAS DESAGUES con medidas de hasta 0,60x0,60, incluye limpieza, reaparación de sus partes internas en caso de requerirse, verificación de pendiente y botada de residuos, además de todo lo necesario para el cumplimiento de la actividad. | D22: und | E22: 2 | G22: =+ROUND(Tabla14[[#This Row],[Columna4]]*Tabla14[[#This Row],[Columna5]],0) -> 0
B23: 1,4,7 | C23: Suministro, transporte e INSTALACIÓN DE MALLAS PARA ARCOS DE JUEGO, porteria de futbol. Incluye todos los elementos necesarios para la correcta instalacion | D23: und | E23: 2 | G23: =+ROUND(Tabla14[[#This Row],[Columna4]]*Tabla14[[#This Row],[Columna5]],0) -> 0
B24: 1,4,8 | C24: Suministro, transporte e instalacion de postes y malla de Voleyball. Incluye tratamiento con anticorrosivo a las perforaciones recibidoras de los postes ademas todos los elementos necesarios para su correcta instalacion y funcionamiento | D24: und | E24: 1 | G24: =+ROUND(Tabla14[[#This Row],[Columna4]]*Tabla14[[#This Row],[Columna5]],0) -> 0
B25: 1,4,9 | C25: Suministro, transporte e instalacion de silla de arbitro voleibol en acero galvanizado pintado con alta resistencia a la interperie. | D25: und | E25: 1 | G25: =+ROUND(Tabla14[[#This Row],[Columna4]]*Tabla14[[#This Row],[Columna5]],0) -> 0
B26: 1,4,10 | C26: Suministro, transporte e INSTALACIÓN DE MALLA PARA CANCHA DE TENNIS, incluye guaya en acero galvanizado de alta duración, malla en doble costura con costuras laterales y cinta central incluida.. Así como demás items necesarios para su correcta instalación. | D26: und | E26: 1 | G26: =+ROUND(Tabla14[[#This Row],[Columna4]]*Tabla14[[#This Row],[Columna5]],0) -> 0
B27: 1.5 | C27: PINTURAS | G27: =SUM(G28:G29) -> 0
B28: 1,5,1 | C28: Aplicación de PINTURA para canchas deportivas de pintuco de primera calidad hasta obtener una superficie pareja y homogénea. Incluye suministro y transporte de los materiales, limpieza y preparación de la superficie por medio de construcleaner desengrasante, equivalente o superior, aplicación de imprimante con pintura epóxica base solvente equivalente o superior (1 capa) regulandolo con plástico en frio llana de pintuco (1 capa) y dando acabado final con pintura para canchas equivalente o superior 2 o 3 capas según colores institucionales (colores en los planos y detalles suministrados por Comfenalco), INCLUYE LA DEMARCACIÓN.. Realizar la adecuación de la superficie a intervenir hasta obtener una superficie pareja y homogénea,colores corporativos según aprobación de la supervisión. Incluye todos los elementos necesarias para la correcta ejecucion. | D28: m2 | E28: 609.14 | G28: =+ROUND(Tabla14[[#This Row],[Columna4]]*Tabla14[[#This Row],[Columna5]],0) -> 0
B29: 1,5,2 | C29: DEMARCACIÓN DE 4 TIPOS DE CANCHA EN LA SUPERFICIE CON PINTURA pintuco o similar para canchas deportivas y pisos, de primera calidad. Incluye suministro y transporte de los materiales, teniendo en cuenta las indicaciones del producto y su aplicación, adecuación de la superficie a intervenir hasta obtener una superficie pareja y homogénea, color a definir según colores aprobados por la caja con la carta de pintuco, colores corporativos según aprobación de la supervisión. | D29: ml | G29: =+ROUND(Tabla14[[#This Row],[Columna4]]*Tabla14[[#This Row],[Columna5]],0) -> 0
B30: 2 | C30: CANCHAS AUXILIARES DE MICRO FUTBOL SINTETICAS | G30: =+G31+G39+G43+G45+G50+G35 -> 0
B31: 2.1 | C31: DEMOLICIONES Y RETIROS | G31: =SUM(G32:G34) -> 0
B32: 2,1,1 | C32: Retiro de GRAMA SINTETICA, incluye cargue, transporte y botada de material sobrante en sitios autorizados y la recuperación de los materiales aprovechables (CAUCHO) para su aprovechamiento y/o su transporte hasta la bodega o el sitio que indique la supervisión. | D32: m2 | E32: 1457.97 | G32: =+ROUND(Tabla14[[#This Row],[Columna4]]*Tabla14[[#This Row],[Columna5]],0) -> 0
B33: 2,1,2 | C33: Retiro de CERRAMIENTO EN MALLA ESLABONADA. Incluye el retiro, cargue, recuperación de los materiales aprovechables, malla eslabonada y su transporte hasta el sitio que indique la supervisión de Comfenalco. Demolición de concreto del pisa malla, cargue, transporte y botada de escombros provenientes de este retiro en botaderos autorizados. | D33: m2 | E33: 540.8 | G33: =+ROUND(Tabla14[[#This Row],[Columna4]]*Tabla14[[#This Row],[Columna5]],0) -> 0
B34: 2,1,3 | C34: RETIRO Y REINSTALACION DE MALLA EN NYLON sobre cerramiento, la actividad contempla el retiro total para realizar los trabajos, la reinstalación y tensionamiento total posterior a la finalizacion de las actividades del cerramiento. Incluye andamios, tensores y todos los elementos necesarios para la correcta instalacion (Area aproxixmada por cancha 1000m2). | D34: und | E34: 2 | G34: =+ROUND(Tabla14[[#This Row],[Columna4]]*Tabla14[[#This Row],[Columna5]],0) -> 0
B35: 2.2 | C35: REDES | G35: =SUM(G36:G38) -> 0
B36: 2,2,1 | C36: Excavacion de BRECHA para tuberia de desague. Incluye excavacion de 0-1 m. Incluye excavacion en zona verde, demolicion y reparacion de anden en concreto, retiro y reinstalacion de bordillos, disposicion final de los materiales sobrantes y todos los elementos necesarios para la correcta ejecucion de la actividad. | D36: ml | E36: 8.9 | G36: =+ROUND(Tabla14[[#This Row],[Columna4]]*Tabla14[[#This Row],[Columna5]],0) -> 0
B37: 2,2,2 | C37: Excavacion para CARCAMO . Incluye excavacion hasta una profundidad de 0,50 m y un ancho minimo de 0,30 m. Incluye demolicion de anden, disposicion final de los materiales sobrantes y todos los elementos necesarios para la correcta ejecucion de la actividad. | D37: ml | E37: 40.32 | G37: =+ROUND(Tabla14[[#This Row],[Columna4]]*Tabla14[[#This Row],[Columna5]],0) -> 0
B38: 2,2,3 | C38: Suministro, transporte e instalacion de TUBERIA NOVAFORT de 4" para conexión de cajas desarenadoras a cañuela en muro AV Guayabal . Incluye conexiones, disposicion final de los materiales sobrantes y todos los elementos necesarios para la correcta ejecucion de la actividad | D38: ml | E38: 8.9 | G38: =+ROUND(Tabla14[[#This Row],[Columna4]]*Tabla14[[#This Row],[Columna5]],0) -> 0
B39: 2.3 | C39: CONCRETOS Y MORTEROS | G39: =SUM(G40:G42) -> 0
B40: 2,3,1 | C40: Colocación de MORTERO DE NIVELACION con pendiente de 0,5 % o indicada en planos, espesor hasta 5cms, incluye preparación de superficie por medios manuales o mecanicos garantizando pendiente, aditivo según requerimientos tecnicos, con previa aprobacion de la supervision y/o interventoria. Incluye suministro y transporte de los materiales, y todos los demás elementos necesarios para su correcta construcción (contempla aproximadamente el 25% de la cancha en zonas puntuales donde se evidencien empozamientos). | D40: m2 | E40: 364.49 | G40: =+ROUND(Tabla14[[#This Row],[Columna4]]*Tabla14[[#This Row],[Columna5]],0) -> 0
B41: 2,3,2 | C41: Construcción de CAJA DESARENADORA 60x60x80 cm en concreto de 21Mpa. Incluye suministro, transporte e instalación de herraje (marco y tapa de 60x60 cm en ángulo de 2"x1/8"), excavación, capa de lleno de arenillas de hasta 7 cm y acero de refuerzo y empalme de las redes existente y redes nuevas a la caja. Incluye todos los elementos necesarios para su correcta construcción y funcionamiento. Según normas técnicas de EEPP de Medellín. | D41: und | E41: 2 | G41: =+ROUND(Tabla14[[#This Row],[Columna4]]*Tabla14[[#This Row],[Columna5]],0) -> 0
B42: 2,3,3 | C42: Construcción de CÁRCAMO en concreto de 21 Mpa. con Un ESPESOR DE PAREDES Y LOSA DE 10 cm, 20 cm de ancho acabado y una profundidad de 0,40 m. Incluye tapa carcamo prefabricada en concreto, suministro, transporte y colocación del concreto, acero de refuerzo,las pendientes requeridas, preparada y nivelación del terreno, conexiones a red existente, tubería y accesorios de ser requeridos, hasta 2 metros. Incluye formaleta y todos los elementos necesarios para su correcta construcción. Según indicaciones de la Supervisión. | D42: ml | E42: 40.32 | G42: =+ROUND(Tabla14[[#This Row],[Columna4]]*Tabla14[[#This Row],[Columna5]],0) -> 0
B43: 2.4 | C43: CERRAMIENTO | G43: =SUM(G44:G44) -> 0
B44: 2,4,1 | C44: Suministro e instalación CERRAMIENTO en malla eslabonada de 4 mm con la misma configuracion actual. Incluye: correcto anclaje del cerramiento, pisa malla y todo lo necesario para la correcta ejecución de la actividad. | D44: m2 | E44: 540.8 | G44: =+ROUND(Tabla14[[#This Row],[Columna4]]*Tabla14[[#This Row],[Columna5]],0) -> 0
B45: 2.5 | C45: MANTENIMIENTO | G45: =SUM(G46:G49) -> 0
B46: 2,5,1 | C46: Mantenimiento de LUMINARIAS O REFLECTORES en poste. Cada poste tiene tres luminarias o reflectores, incluye limpiezas, direcionamiento y verificación de alturas según el estado actual de cada una, incluye todo lo necesario para la correcta ejecución. | D46: und | E46: 4 | G46: =+ROUND(Tabla14[[#This Row],[Columna4]]*Tabla14[[#This Row],[Columna5]],0) -> 0
B47: 2,5,2 | C47: Mantenimiento de CUNETAS, incluye resane y limpieza, recogida de residuos y disposición final de estos, transporte de equipos, mano de obra y todo lo necesario para su correcta limpieza | D47: ml | E47: 76.48 | G47: =+ROUND(Tabla14[[#This Row],[Columna4]]*Tabla14[[#This Row],[Columna5]],0) -> 0
B48: 2,5,3 | C48: Mantenimiento de PARALES Y DIAGONALES, incluye grateado o y ajuste de soldadura, pulida y pintura anticorrosiva 2 en 1 a dos manos, color gris y verificar las indicaciones de la supervisión, incluye todo lo necesario para la correcta ejecución de la actividad. | D48: ml | E48: 1166.72 | G48: =+ROUND(Tabla14[[#This Row],[Columna4]]*Tabla14[[#This Row],[Columna5]],0) -> 0
B49: 2,5,4 | C49: Mantenimiento de ARCOS DE FUTBOL, incluye correcion de soldadura en zona s de union, anticorrosivo, pintura base aceite BLANCA y todos los elementos necesarios para la correcta ejecucion | D49: und | E49: 4 | G49: =+ROUND(Tabla14[[#This Row],[Columna4]]*Tabla14[[#This Row],[Columna5]],0) -> 0
B50: 2.6 | C50: OTROS | G50: =SUM(G51:G52) -> 0
B51: 2,6,1 | C51: Suministro e instalación de GRAMA SINTETICA fibrilada verde de 50 mm, 100% polietiléno de baja abrasión, terminado en látex de alta resistencia a la humedad Estabilizado con protección U.V contra rayos ultravioletas, incluye adhesivo biocomponente y cinta de unión afelpada, además de todo lo necesario para la correcta ejecución de la actividad, INCLUYE SUMINISTRO DE SHOCK PAD DRENANTE, INCLUYE DEMARCACIÓN EN GRAMA FIBRILADA BLANCA. | D51: m2 | E51: 1457.97 | G51: =+ROUND(Tabla14[[#This Row],[Columna4]]*Tabla14[[#This Row],[Columna5]],0) -> 0
B52: 2,6,3 | C52: Suministro e instalación de CAUCHO GRANULADO SBR resistente a la constante exposición a los rayos UV sin que este se derrita o decolore, con una granulometria que este retenida en el tamiz #5 y #6, incluye todo lo necesario para la correcta ejecución de la actividad, APROXIMADAMENTE 6.4kg X M2. | D52: kg | E52: 11663.76 | G52: =+ROUND(Tabla14[[#This Row],[Columna4]]*Tabla14[[#This Row],[Columna5]],0) -> 0
B53: 3 | C53: ENTORNO CANCHA DE FUTBOL 11 SINTETICA | G53: =+G54+G57 -> 0
B54: 3.1 | C54: EXCAVACION Y LLENOS | G54: =SUM(G55:G56) -> 0
B55: 3,1,1 | C55: EXCAVACIÓN MANUAL de material heterogéneo DE 0-1 m, bajo cualquier grado de humedad. Incluye: remoción de roca descompuesta, bolas de roca de volumen inferior a 0.35 m³, el cargue, transporte interno y externo, factor de expansión (30%), botada de material proveniente de las excavaciones en los sitios donde lo indique la supervisión de Comfenalco y su medida será en el sitio. | D55: m3 | E55: 52.71 | G55: =+ROUND(Tabla14[[#This Row],[Columna4]]*Tabla14[[#This Row],[Columna5]],0) -> 0
B56: 3,1,2 | C56: Suministro, transporte y colocación de BASE GRANULAR, reacomodado con medios mecánicos y compactado al 98% mínimo del ensayo del Proctor modificado según normas para la construcción de pavimentos del INVIAS. Incluye todo lo necesario para su correcta construcción y funcionamiento. Su medida será tomada en sitio ya compactado. | D56: m3 | E56: 22.12 | G56: =+ROUND(Tabla14[[#This Row],[Columna4]]*Tabla14[[#This Row],[Columna5]],0) -> 0
B57: 3.2 | C57: CONCRETOS Y MORTEROS | G57: =SUM(G58:G60) -> 0
B58: 3,2,1 | C58: Construcción de CÁRCAMO en concreto de 21 Mpa. con Un ESPESOR DE PAREDES Y LOSA DE 10 cm, 20 cm de ancho acabado y una profundidad de 0,40 m. Incluye tapa carcamo prefabricada en concreto, suministro, transporte y colocación del concreto, acero de refuerzo,las pendientes requeridas, preparada y nivelación del terreno, conexiones a red existente, tubería y accesorios de ser requeridos, hasta 2 metros. Incluye formaleta y todos los elementos necesarios para su correcta construcción. Según indicaciones de la Supervisión. | D58: ml | E58: 94.3 | G58: =+ROUND(Tabla14[[#This Row],[Columna4]]*Tabla14[[#This Row],[Columna5]],0) -> 0
B59: 3,2,2 | C59: Construcción de ANDÉN en concreto de 21 Mpa, espesor de 0.10m. Juntas de dilatacion cada 2,50m. Incluye suministro y transporte de los materiales, malla electrosoldada D-131; juntas para andenes de 5X5 mm con cortadora de disco, soporte fondo de junta, acabado escobillado y llaneado 0.10m en los bordes, y todos los demás elementos necesarios para su correcta construcción. | D59: m2 | E59: 98.55 | G59: =+ROUND(Tabla14[[#This Row],[Columna4]]*Tabla14[[#This Row],[Columna5]],0) -> 0
B60: 3,2,3 | C60: Suministro, transporte y colocación de BORDILLO PREFABRICADO DE 0.20 x 0.35 x 0.80 m. de concreto de 21 Mpa, tres caras, juntas ranuradas. Incluye excavación, conformación del terreno, ajustes de concreto o pavimento donde sea necesario, mortero 1:4 de asiento y pega en las longitudes más adecuadas para el desarrollo de la obra, y todo lo necesario para su correcta construcción y funcionamiento. Según diseño. | D60: ml | E60: 63.2 | G60: =+ROUND(Tabla14[[#This Row],[Columna4]]*Tabla14[[#This Row],[Columna5]],0) -> 0
B61: 4 | C61: CANCHAS DE TEJO | G61: =+G62+G65+G68+G79+G72+G77+G88+G95+G98 -> 0
B62: 4.1 | C62: DEMOLICIONES Y RETIROS | G62: =SUM(G63:G64) -> 0
B63: 4,1,1 | C63: DEMOLICION de losa existente, con medios mecanicos, incluye todos los elementos necesarios para la ejecucion de la actividad, la correcta disposicion del material en botaderos autorizados. | D63: m2 | E63: 127.96 | G63: =+ROUND(Tabla14[[#This Row],[Columna4]]*Tabla14[[#This Row],[Columna5]],0) -> 0
B64: 4,1,2 | C64: EXCAVACIÓN MANUAL de material heterogéneo DE 0-1 m, bajo cualquier grado de humedad. Incluye: roca descompuesta, bolas de roca de volumen inferior a 0.35 m³, el cargue, transporte interno y externo, factor de expansión (30%), botada de material proveniente de las excavaciones en los sitios donde lo indique la supervisión de Comfenalco y su medida será en el sitio. | D64: m3 | E64: 74.83 | G64: =+ROUND(Tabla14[[#This Row],[Columna4]]*Tabla14[[#This Row],[Columna5]],0) -> 0
B65: 4.2 | C65: REEMPLAZOS | G65: =SUM(G66:G67) -> 0
B66: 4,2,1 | C66: Suministro, transporte y colocación de BASE GRANULAR, reacomodado con medios mecánicos y compactado al 98% mínimo del ensayo del Proctor modificado según normas para la construcción de pavimentos del INVIAS. Incluye todo lo necesario para su correcta construcción y funcionamiento. Su medida será tomada en sitio ya compactado. | D66: m2 | E66: 37.42 | G66: =+ROUND(Tabla14[[#This Row],[Columna4]]*Tabla14[[#This Row],[Columna5]],0) -> 0
B67: 4,2,2 | C67: Suministro, transporte e instalacion de TRITURADO 3/4" para conexión entre losa de cancha y losa de zona de descanso. Incluye nivelacion del terreno entre las losas y todos los elementos necesarios para su correcta instalacion. | D67: m3 | E67: 1.39 | G67: =+ROUND(Tabla14[[#This Row],[Columna4]]*Tabla14[[#This Row],[Columna5]],0) -> 0
B68: 4.3 | C68: CONCRETOS | G68: =SUM(G69:G71) -> 0
B69: 4,3,1 | C69: Construccion de LOSA en concreto de 28 Mpa con malla electrosoldada D-188 con un espesor de 10 cm.Instalacion de plastico aislante. Incluye pruebas de resistencia acorde a la normativa vigente y todos los elementos necesarios para la correcta ejecucion | D69: m2 | E69: 187.09 | G69: =+ROUND(Tabla14[[#This Row],[Columna4]]*Tabla14[[#This Row],[Columna5]],0) -> 0
B70: 4,3,2 | C70: Construccion de CAÑUELA en concreto de 21 Mpa y un ancho de 22 cm de encho acorde a la cañuela existente, incluye empalme a las cañuelas perimetrales del parque | D70: ml | E70: 22.2 | G70: =+ROUND(Tabla14[[#This Row],[Columna4]]*Tabla14[[#This Row],[Columna5]],0) -> 0
B71: 4,3,3 | C71: Suministro, transporte e instalacion de PASOS EN CONCRETO prefabricado 0,60x0,30 m para sendero. Incluye la instalacion y fijacion siguiendo el distanciamiento del sendero existente y todos los elementos necesarios para su correcta instalacion | D71: und | E71: 40 | G71: =+ROUND(Tabla14[[#This Row],[Columna4]]*Tabla14[[#This Row],[Columna5]],0) -> 0
B72: 4.4 | C72: PINTURAS | G72: =SUM(G73:G76) -> 0
B73: 4,4,1 | C73: Aplicación de PINTURA para canchas deportivas y pisos de pintuco de primera calidad hasta obtener una superficie pareja y homogénea. Incluye suministro y transporte de los materiales, realizando la preparación de la superficie con asepsia epoxica base solvente pintuco profesional, luego se debe aplicar nivelador pintutráfico plástico en frío en llana y luego el acabado indicado, según especificaciones del producto y su aplicación, realizar la adecuación de la superficie a intervenir hasta obtener una superficie pareja y homogénea, color a definir según colores aprobados por la caja con la carta de pintuco, colores corporativos según aprobación de la supervisión, INCLUYE DEMARCACIÓN DE LA SUPERFICIE | D73: m2 | E73: 99 | G73: =+ROUND(Tabla14[[#This Row],[Columna4]]*Tabla14[[#This Row],[Columna5]],0) -> 0
G74: =+ROUND(Tabla14[[#This Row],[Columna4]]*Tabla14[[#This Row],[Columna5]],0) -> 0
B75: 4,4,2 | C75: PINTURA mamposteria existente, pintura tipo koraza. Incluye 2 manos de pintura, preparacion y limpieza de la superficie. Color por definir. Incluye todos los elementos necesarios para la correcta ejecucion de la actividad | D75: m2 | E75: 32.81 | G75: =+ROUND(Tabla14[[#This Row],[Columna4]]*Tabla14[[#This Row],[Columna5]],0) -> 0
B76: 4,4,3 | C76: LOGO DE COMFENALCO ANTIOQUIA EN ACRILICO color verde oscuro R:00, G:87, B:68 L:2,00m H:0,67m Incluye la preparacion de la superficie para la instalacion y todos los elementos necesarios para su correcta instalacion | D76: und | E76: 1 | G76: =+ROUND(Tabla14[[#This Row],[Columna4]]*Tabla14[[#This Row],[Columna5]],0) -> 0
B77: 4.5 | C77: TABLEROS DE JUEGO | G77: =G78 -> 0
B78: 4,5,1 | C78: Suministro e instalacion de tableros de juego de tejo 60x60, incluye plastilina. | D78: und | E78: 4 | G78: =+ROUND(Tabla14[[#This Row],[Columna4]]*Tabla14[[#This Row],[Columna5]],0) -> 0
B79: 4.6 | C79: ZONA DE DESCANSO | G79: =SUM(G80:G87) -> 0
B80: 4,6,1 | C80: Excavación manual en material común para dados de cimentación bajo cualquier grado de humedad. Incluye botada y disposición final de los materiales | D80: m3 | E80: 1.08 | G80: =+ROUND(Tabla14[[#This Row],[Columna4]]*Tabla14[[#This Row],[Columna5]],0) -> 0
B81: 4,6,2 | C81: Suministro, transporte e instalación de ACERO DE REFUERZO FIGURADO FY= 420 Mpa-60000 PSI, para CIMENTACIONES segun diseños. Incluye corte, figurado, y amarres con alambre recocido para garantizar estabilidad.corrugado. Incluye transporte con descarga, transporte interno, alambre de amarre, certificados y todos los elementos necesarios para su correcta instalación, según diseño y recomendaciones estructurales. | D81: Kg | E81: 100.57 | G81: =+ROUND(Tabla14[[#This Row],[Columna4]]*Tabla14[[#This Row],[Columna5]],0) -> 0
B82: 4,6,3 | C82: Suministro, transporte y colocación de concreto clase D (28MPa) para cimentaciones según diseños. | D82: m3 | E82: 1.08 | G82: =+ROUND(Tabla14[[#This Row],[Columna4]]*Tabla14[[#This Row],[Columna5]],0) -> 0
B83: 4,6,4 | C83: Suministro, transporte, fabricación e instalación de PERFILES PARA ÁREA DE SOMBRA en PTS 100x100x2,5mm, y viguetas de 90x50x2mm incluye soldadura de electrodo revestido E7018, incluye conexiones, pintura anticorrosiva, acabado final, pernos de anclaje, platinas según diseño y todo lo necesario para su correcta instalación. | D83: Kg | E83: 385.77 | G83: =+ROUND(Tabla14[[#This Row],[Columna4]]*Tabla14[[#This Row],[Columna5]],0) -> 0
B84: 4,6,5 | C84: Suministro, transporte e instalación de teja termoacustica 11.8 X 1.07m 2mm Cresta Alta Upvc color a definir, incluye andamios, amarras y fijaciones y demás accesorios necesarios para la instalación. | D84: m2 | E84: 19.84 | G84: =+ROUND(Tabla14[[#This Row],[Columna4]]*Tabla14[[#This Row],[Columna5]],0) -> 0
B85: 4,6,6 | C85: Suministro, transporte e instalacion de lamina microperforada metalica para fachada perimetral según diseños. | D85: m2 | E85: 15.04 | G85: =+ROUND(Tabla14[[#This Row],[Columna4]]*Tabla14[[#This Row],[Columna5]],0) -> 0
B86: 4,6,7 | C86: Suministro, transporte e instalación de MALLA ELECTROSOLDADA D-084 (4.0 x 4.0mm)15X15 para enredaderas, incluye pintura anticorrosiva y acabado negro mate. | D86: m2 | E86: 3.88 | G86: =+ROUND(Tabla14[[#This Row],[Columna4]]*Tabla14[[#This Row],[Columna5]],0) -> 0
B87: 4,6,8 | C87: Suministro, transporte e instalacion de MESA TIPO PICNIC EN MADERA PLASTICA, conformadas por tablero rectangular con listones, soportados por estructura en "A" inclinadas con bancas laterales integradas. Incluye la instalacion y todos los elementos necesarios para su correcto funcionamiento | D87: und | E87: 3 | G87: =+ROUND(Tabla14[[#This Row],[Columna4]]*Tabla14[[#This Row],[Columna5]],0) -> 0
B88: 4.7 | C88: ILUMINACION | G88: =SUM(G89:G94) -> 0
B89: 4,7,1 | C89: Suministro transporte y montaje de Poste En Fibra de Vidrio 10 Metros 510 Kgf Para Redes MT/BT -para instalacion de luminarias. Incluye excavación, concretiada de ser necesaria y Botada de escombros | D89: und | E89: 3 | G89: =F89*E89 -> 0
B90: 4,7,2 | C90: Suministro e instalación de caja 60x60 en piso, accesorios, elementos de fijación y todo lo necesario para su optimo funcionamiento. | D90: und | E90: 6 | G90: =+ROUND(Tabla14[[#This Row],[Columna4]]*Tabla14[[#This Row],[Columna5]],0) -> 0
B91: 4,7,3 | C91: Suministro, transporte e instalación de circuitos ramales en cable de cobre 3No.12 LSHF AWG; incluye conectores resorte y cinta aislante | D91: ml | E91: 250 | G91: =+ROUND(Tabla14[[#This Row],[Columna4]]*Tabla14[[#This Row],[Columna5]],0) -> 0
B92: 4,7,4 | C92: Suministro, transporte e instalación de reflector phillips TANGO G2- 200W, incluye elementos de fijacion y todos los accesorios para su correcto funcionamiento. | D92: und | E92: 9 | G92: =+ROUND(Tabla14[[#This Row],[Columna4]]*Tabla14[[#This Row],[Columna5]],0) -> 0
B93: 4,7,5 | C93: Suministro e instalación de tubería eléctrica de IMC de Ø 3/4”. mtsd Incluye: Tendido, uniones, curvas y los accesorios necesarios para su óptimo funcionamiento | D93: mts | E93: 30 | G93: =+ROUND(Tabla14[[#This Row],[Columna4]]*Tabla14[[#This Row],[Columna5]],0) -> 0
B94: 4,7,6 | C94: Suministro, transporte e instalacion de tuberia PVC 2" , con accesorios para instalar acometidas electricas, fibra y seguridad, debe tener certificado retie y pruebas UL, incluye brecha. | D94: mts | E94: 100 | G94: =+ROUND(Tabla14[[#This Row],[Columna4]]*Tabla14[[#This Row],[Columna5]],0) -> 0
B95: 4.8 | C95: OTROS | G95: =SUM(G96:G97) -> 0
B96: 4,8,1 | C96: Suministro e instalación de DIVISORIO EN CAÑA de guadua bambú con un diametro entre 5 y 7 cm x 1,50 m de alto con un empotramiento de 20cm en el elemento de mampostería y una separación entre elementos de aproximadamente 1cm, incluye muro de dos hiladas en ladrillo a la vista y todo lo necesario para la correcta instalación y funcionamiento. | D96: ml | E96: 18.4 | G96: =+ROUND(Tabla14[[#This Row],[Columna4]]*Tabla14[[#This Row],[Columna5]],0) -> 0
B97: 4,8,2 | C97: Suministro, transporte e instalacion de DIVISORIO metalico entre canchas. Marco en perfil tubular con malla. Incluye fijacion pernada a la losa, ubicación acorde a diseño. Incluye todos los elementos necesarios para la instalacion y el corrrecto funcionamiento del elemento. | D97: m2 | E97: 19.2 | G97: =+ROUND(Tabla14[[#This Row],[Columna4]]*Tabla14[[#This Row],[Columna5]],0) -> 0
B98: 4.9 | C98: PAISAJISMO | G98: =SUM(G99:G101) -> 0
B99: 4,9,1 | C99: Suministro, transporte de instalacion de ESPECIES bamboo o similar con una altura minima de 1,5 m. Incluye tierra abonada y los elementos necesarios para su correcta instalacion | D99: und | E99: 20 | G99: =+ROUND(Tabla14[[#This Row],[Columna4]]*Tabla14[[#This Row],[Columna5]],0) -> 0
B100: 4,9,2 | C100: VEGETACION tipo enrredadera o similar Incluye tierra abonada y los elementos necesarios para su correcta instalacion | D100: und | E100: 10 | G100: =+ROUND(Tabla14[[#This Row],[Columna4]]*Tabla14[[#This Row],[Columna5]],0) -> 0
B101: 4,9,3 | C101: SUMINISTRO Y SIEMBRA DE ESPECIES ORNAMENTALES Incluye tierra abonada | D101: und | E101: 30 | G101: =+ROUND(Tabla14[[#This Row],[Columna4]]*Tabla14[[#This Row],[Columna5]],0) -> 0
B102: 5 | C102: GRADERIAS CANCHA AUXILIAR Y FUTBOL | G102: =SUM(G103:G106) -> 0
...

Sheet PPTO GRAL ENCUENTROS
B2: Modificaciones de canchas recreo-deportivas en el Parque los Encuentros | F2: #VALUE!
B3: PRESUPUESTO GENERAL OBRA CIVIL
B5: Columna1 | C5: Columna2 | D5: Columna3 | E5: Columna4 | F5: Columna5 | G5: Columna6
B6: ITEM | C6: DESCRIPCION | D6: UNIDAD | E6: CANTIDAD | F6: VALOR UNITARIO | G6: VALOR TOTAL
B7: 1 | C7: CANCHAS SINTETICAS | G7: =+G8+G14+G12+G21+G26+G28+G24 -> 0
B8: 1.1 | C8: DEMOLICIONES Y RETIROS | G8: =SUM(G9:G11) -> 0
B9: 1,1,1 | C9: RETIRO DE CERRAMIENTO EN MALLA ESLABONADA. Incluye el retiro, cargue y su transporte hasta el sitio que indique la supervisión de Comfenalco. Demolición de concreto del pisa malla, cargue, transporte y botada de escombros de acuerdo con las directrices de las entidades locales. | D9: m2 | E9: 874 | G9: =+ROUNDUP(F9*E9,0) -> 0
B10: 1,1,2 | C10: RETIRO DE GRAMA SINTETICA, incluye cargue, transporte y botada de material sobrante de acuerdo con las directrices de las entidades locales y la recuperación de los materiales aprovechables y/o su transporte hasta la bodega o el sitio que indique la supervisión. | D10: m2 | E10: 304 | G10: =+ROUNDUP(F10*E10,0) -> 0
B11: 1,1,3 | C11: INSTALACIÓN DE CERRAMIENTO PROVISIONAL EN TELA VERDE con una altura de 2,1 m, y estructura en larguero común cada 2 metros, concreto de 17.5 Mpa para fijación de estructura en madera común. Incluye suministro, transporte, instalación y desmonte de la tela y demás elementos, excavación manual en cualquier material, cargue, transporte y botada de material sobrante, alambre galvanizado y grapas para asegurar el borde inferior y todos los demás elementos necesarios para su correcta instalación. Deberá estar en buen estado durante toda la ejecución de la obra y debe ser recuperado para el cerramiento de otros espacios. | D11: ml | E11: 220 | G11: =+ROUNDUP(F11*E11,0) -> 0
B12: 1.2 | C12: EXCAVACION Y LLENOS | G12: =SUM(G13:G13) -> 0
B13: 1,2,1 | C13: Suministro, transporte y COLOCACIÓN DE BASE GRANULAR reacomodado con medios mecánicos y compactado al 98% mínimo del ensayo del Proctor modificado según normas para la construcción de pavimentos del INVIAS. Incluye todo lo necesario para su correcta construcción y funcionamiento. Su medida será tomada en sitio ya compactado. | D13: m3 | E13: 91.2 | G13: =+ROUNDUP(F13*E13,0) -> 0
B14: 1.3 | C14: MANTENIMIENTOS | G14: =SUM(G15:G20) -> 0
B15: 1,3,1 | C15: MANTENIMIENTO DE PARALES Y DIAGONALES, incluye grateado y ajuste de soldadura, pulida y pintura anticorrosiva 2 en 1 a 2 manos, color gris y verificar las indicaciones de la supervisión, incluye todo lo necesario para la correcta ejecución de la actividad. | D15: ml | E15: 709.74 | G15: =+ROUNDUP(F15*E15,0) -> 0
B16: 1,3,2 | C16: DESMONTE Y REPOSICIÓN DE PARALES Y/O DIAGONALES, incluye soldadura, pulida y pintura anticorrosiva 2 en 1 a 2 manos, color gris y verificar las indicaciones de la supervisión, incluye todo lo necesario para la correcta ejecución de la actividad. | D16: ml | E16: 177.44 | G16: =+ROUNDUP(F16*E16,0) -> 0
B17: 1,3,3 | C17: MANTENIMIENTO DE GRAMA SINTETICA, incluye limpieza, cepillado, reposición de caucho granulado SBR resistente a la constante exposición a los rayos UV sin que este se derrita o decolore, con una granulometria que este retenida en el tamiz #5 y #6, incluye todo lo necesario para la correcta ejecución de la actividad. | D17: m2 | E17: 2703.22 | G17: =+ROUNDUP(F17*E17,0) -> 0
B18: 1,3,4 | C18: Mantenimiento de ARCOS DE FUTBOL, incluye correcion de soldadura en zona s de union, anticorrosivo, pintura base aceite BLANCA y todos los elementos necesarios para la correcta ejecucion | D18: und | E18: 4 | G18: =+ROUNDUP(F18*E18,0) -> 0
B19: 1,3,5 | C19: Suministro, transporte e INSTALACIÓN DE MALLAS PARA ARCOS DE JUEGO, porteria de futbol. Incluye todos los elementos necesarios para la correcta instalacion | D19: und | E19: 4 | G19: =+ROUNDUP(F19*E19,0) -> 0
B20: 1,3,6 | C20: MANTENIMIENTO DE BORDILLO EXISTENTE, incluye pulir y verificar estado de los bordes, limpieza y pintura epoxica color gris, además de todo lo necesario para la correcta ejecución de la actividad. | D20: ml | E20: 320 | G20: =+ROUNDUP(F20*E20,0) -> 0
B21: 1.4 | C21: CONCRETOS Y MORTEROS | G21: =SUM(G22:G23) -> 0
B22: 1,4,1 | C22: CONSUTRUCCIÓN DE CAJA DESARENADORA 60x60x80 cm en concreto de 21Mpa. Incluye suministro, transporte e instalación de herraje (marco y tapa de 60x60 cm en ángulo de 2"x1/8"), excavación, capa de lleno de arenillas de hasta 7 cm y acero de refuerzo y empalme de las redes existente y redes nuevas a la caja. Incluye todos los elementos necesarios para su correcta construcción y funcionamiento. Según normas técnicas de EEPP de Medellín. | D22: und | E22: 2 | G22: =+ROUNDUP(F22*E22,0) -> 0
B23: 1,4,2 | C23: SUMINISTRO E INSTALACIÓN DE CUNETA PREFABRICADA EN V, ANCHO DE HASTA 0.50 m, ALTURA DE 0,20 m. Incluye suministro, transporte, nivelación, conformación y compactación del terreno y todos los demás elementos necesarios para su correcta construcción. Según indicaciones de la supervisión. | D23: ml | E23: 165 | G23: =+ROUNDUP(F23*E23,0) -> 0
B24: 1.5 | C24: ACUEDUCTO | G24: =SUM(G25:G25) -> 0
B25: 1,5,1 | C25: Suministro, Transporte e Instalación de Tubería Alcantarillado Novafort ф 6 pulgadas. Incluye: Excavación de Profundidad de hasta 60 cm, soportes, tapón, limpiador, pegante, empalme a la red existente o nueva y todo lo necesario para su correcta instalación. | D25: ml | E25: 20 | G25: =+ROUNDUP(F25*E25,0) -> 0
B26: 1.6 | C26: CERRAMIENTO | G26: =SUM(G27:G27) -> 0
B27: 1,6,1 | C27: Suministro e instalación CERRAMIENTO EN MALLA ESLABONADA DE 4 mm y con la misma configuración actual " Incluye: correcto anclaje del cerramiento, pisa malla y todo lo necesario para la correcta ejecución de la actividad. | D27: m2 | E27: 874 | G27: =+ROUNDUP(F27*E27,0) -> 0
B28: 1.7 | C28: GRAMA | G28: =SUM(G29:G30) -> 0
B29: 1,7,1 | C29: Suministro e instalación de GRAMA SINTETICA fibrilada verde de 50 mm, 100% polietiléno de baja abrasión, terminado en látex de alta resistencia a la humedad Estabilizado con protección U.V contra rayos ultravioletas, incluye adhesivo biocomponente y cinta de unión afelpada, además de todo lo necesario para la correcta ejecución de la actividad, INCLUYE SUMINISTRO DE SHOCK PAD DRENANTE, INCLUYE DEMARCACIÓN EN GRAMA FIBRILADA BLANCA. | D29: m2 | E29: 334.48 | G29: =+ROUNDUP(F29*E29,0) -> 0
B30: 1,7,2 | C30: Suministro e instalación de CAUCHO GRANULADO SBR resistente a la constante exposición a los rayos UV sin que este se derrita o decolore, con una granulometria que este retenida en el tamiz #5 y #6, incluye todo lo necesario para la correcta ejecución de la actividad, APROXIMADAMENTE 6.4kg X M2. | D30: kg | E30: 2675.84 | G30: =+ROUNDUP(F30*E30,0) -> 0
B31: 2 | C31: PLACA DEPORTIVA | G31: =G32+G34+G38+G48 -> 0
B32: 2.1 | C32: DEMOLICIONES Y RETIROS | G32: =SUM(G33) -> 0
B33: 2,1,1 | C33: DESTRONQUE DE PISO EXISTENTE. Incluye: maquinaria, mano de obra necesaria, extensiones, protección de muros y elementos adyacentes, aseo final del espacio intervenido tras cada jornada de trabajo, garantizando nivelación de superficie. | D33: m2 | E33: 858.9 | G33: =+ROUNDUP(F33*E33,0) -> 0
B34: 2.2 | C34: CONCRETOS Y MORTEROS | G34: =SUM(G35:G37) -> 0
B35: 2,2,1 | C35: Colocación de MORTERO DE NIVELACION con pendiente de 0,5 % o indicada en planos, espesor hasta 5cms, incluye aditivo según requerimientos tecnicos, con previa aprobacion de la supervision y/o interventoria. Incluye suministro y transporte de los materiales, y todos los demás elementos necesarios para su correcta construcción. | D35: m2 | E35: 858.9 | G35: =+ROUNDUP(F35*E35,0) -> 0
B36: 2,2,2 | C36: INDUCCION DE JUNTAS según requerimiento tecnico mediante cortadora de concreto, de manera mecanica con un espesor de 5 mm, incluye todo lo necesario para la correcta ejecución de la actividad. | D36: ml | E36: 902.45 | G36: =+ROUNDUP(F36*E36,0) -> 0
B37: 2,2,3 | C37: TRATAMIENTO DE JUNTAS Y FISURAS con aditivo epoxico para sello de juntas de diltacion y fisuras existentes e inducidas, incluye mano de obra, transporte de materiales y todo lo necesario para su correcta aplicación. | D37: ml | E37: 902.45 | G37: =+ROUNDUP(F37*E37,0) -> 0
B38: 2.3 | C38: MANTENIMIENTOS | G38: =SUM(G39:G47) -> 0
B39: 2,3,1 | C39: MANTENIMIENTO DE PARALES Y DIAGONALES, incluye grateado y ajuste de soldadura, pulida y pintura anticorrosiva 2 en 1 a 2 manos, color gris y verificar las indicaciones de la supervisión, incluye todo lo necesario para la correcta ejecución de la actividad. | D39: ml | E39: 271.75 | G39: =+ROUNDUP(F39*E39,0) -> 0
B40: 2,3,2 | C40: DESMONTE Y REPOSICIÓN DE PARALES Y/O DIAGONALES, incluye soldadura, pulida y pintura anticorrosiva 2 en 1 a 2 manos, color gris y verificar las indicaciones de la supervisión, incluye todo lo necesario para la correcta ejecución de la actividad. | D40: ml | E40: 67.94 | G40: =+ROUNDUP(F40*E40,0) -> 0
B41: 2,3,3 | C41: Mantenimiento de CERRAMIENTO PERIMETRAL en malla eslabonada, incluye pisa malla en concreto, tensión de malla, incluye todo lo necesario para la correcta ejecución de la actividad. | D41: m2 | E41: 389.69 | G41: =+ROUNDUP(F41*E41,0) -> 0
B42: 2,3,4 | C42: Mantenimiento de PARALES Y DIAGONALES, incluye limpieza y tratamientode superficie, ajuste de soldadura, pulida y aplicacion de pintura anticorrosiva 2 en 1 a dos manos hasta un 20%, color gris. Cumpliendo los requerimientos e indicaciones de la supervisión, incluye todo lo necesario para la correcta ejecución de la actividad. | D42: m2 | E42: 97.42 | G42: =+ROUNDUP(F42*E42,0) -> 0
B43: 2,3,5 | C43: Mantenimiento de ARCOS DE FUTBOL, incluye correcion de soldadura en zona s de union, anticorrosivo, pintura base aceite BLANCA y todos los elementos necesarios para la correcta ejecucion | D43: und | E43: 2 | G43: =+ROUNDUP(F43*E43,0) -> 0
B44: 2,3,6 | C44: Suministro, transporte e INSTALACIÓN DE MALLAS PARA ARCOS DE JUEGO, porteria de futbol. Incluye todos los elementos necesarios para la correcta instalacion | D44: und | E44: 2 | G44: =+ROUNDUP(F44*E44,0) -> 0
B45: 2,3,7 | C45: MANTENIMIENTO DE POSTES DE VOLEIBOL, limpieza, lijada y pintura epoxica color blanco, incluye todo lo necesario para la correcta ejecución y funcionamiento. | D45: und | E45: 2 | G45: =+ROUNDUP(F45*E45,0) -> 0
B46: 2,3,8 | C46: MANTENIMIENTO DE POSTES DE TENNIS, limpieza, lijada y pintura epoxica color blanco, incluye todo lo necesario para la correcta ejecución y funcionamiento. | D46: und | E46: 2 | G46: =+ROUNDUP(F46*E46,0) -> 0
B47: 2,3,9 | C47: DESMONTE Y REPOSICIÓN DE TABLERO DE BALONCESTO, estos incluyen aro, malla, según especificaciones del existente, además de todo lo necesario para la correcta ejecución y funcionamiento. | D47: und | E47: 2 | G47: =+ROUNDUP(F47*E47,0) -> 0
B48: 2.4 | C48: PINTURAS | G48: =SUM(G49:G49) -> 0
B49: 2,4,1 | C49: Aplicación de PINTURA para canchas deportivas de pintuco de primera calidad hasta obtener una superficie pareja y homogénea. Incluye suministro y transporte de los materiales, limpieza y preparación de la superficie por medio de construcleaner desengrasante, equivalente o superior, aplicación de imprimante con pintura epóxica base solvente equivalente o superior (1 capa) regulandolo con plástico en frio llana de pintuco (1 capa) y dando acabado final con pintura para canchas equivalente o superior 2 o 3 capas según colores institucionales (colores en los planos y detalles suministrados por Comfenalco), INCLUYE LA DEMARCACIÓN. Realizar la adecuación de la superficie a intervenir hasta obtener una superficie pareja y homogénea,colores corporativos según aprobación de la supervisión. Incluye todos los elementos necesarias para la correcta ejecucion. | D49: m2 | E49: 858.9 | G49: =+ROUNDUP(F49*E49,0) -> 0
B50: 3 | C50: CANCHA VÓLEY PLAYA | G50: =G51+G55+G63+G67+G72+G77+G80+G91 -> 0
B51: 3.1 | C51: DEMOLICIONES Y RETIROS | G51: =SUM(G52:G54) -> 0
B52: 3,1,1 | C52: Retiro de arena existentes, incluye cargue, transporte y botada de materialde acuerdo con las directrices de las entidades locales. | D52: m3 | E52: 152.21 | G52: =+ROUNDUP(F52*E52,0) -> 0
B53: 3,1,2 | C53: Demolición de bordillo ancho hasta de 15 cm. Incluye demolición de concreto, cargue, transporte y botada de escombros provenientes de este retiro de acuerdo con las directrices de las entidades locales. | D53: ml | E53: 86.4 | G53: =+ROUNDUP(F53*E53,0) -> 0
B54: 3,1,3 | C54: Retiro de palmera existente y disposición final en lugares autorizados, incluye todo lo necsario para la correcta ejecución de la actividad. | D54: und | E54: 1 | G54: =+ROUNDUP(F54*E54,0) -> 0
B55: 3.2 | C55: EXCAVACION Y LLENOS | G55: =SUM(G56:G62) -> 0
B56: 3,2,1 | C56: EXCAVACIÓN MECANICA de material heterogéneo DE 0-1 m, bajo cualquier grado de humedad. Incluye: roca descompuesta, bolas de roca de volumen inferior a 0.35 m³, el cargue, transporte interno y externo, factor de expansión (30%), botada de material proveniente de las excavaciones en los sitios donde lo indique la supervisión de Comfenalco y su medida será en el sitio. | D56: m3 | E56: 387.08 | G56: =+ROUNDUP(F56*E56,0) -> 0
B57: 3,2,2 | C57: CONFORMACIÓN DE SUBRASANTE CON MEDIOS MANUALES O MECÁNICOS, incluye conformación, nivelación y compactación al 98% del proctor estandar. | D57: m2 | E57: 320.32 | G57: =+ROUNDUP(F57*E57,0) -> 0
B58: 3,2,3 | C58: Suministro, transporte y colocación de BASE GRANULAR, reacomodado con medios mecánicos y compactado al 98% mínimo del ensayo del Proctor modificado según normas para la construcción de pavimentos del INVIAS. Incluye todo lo necesario para su correcta construcción y funcionamiento. Su medida será tomada en sitio ya compactado. | D58: m3 | E58: 120.12 | G58: =+ROUNDUP(F58*E58,0) -> 0
B59: 3,2,4 | C59: Suministro, transporte e instalación de GRAVA DE CANTO RODADO VARIABLE ENTRE 3/4" hasta 1 1/2" pulgadas, capa de 40 cm de espesor de capa filtrante, Incluye todo lo necesario para su correcta construcción y funcionamiento. | D59: m2 | E59: 308 | G59: =+ROUNDUP(F59*E59,0) -> 0
B60: 3,2,5 | C60: LLENO EN ARENA SILICE, con un espesor de 50 cm. Incluye el suministro, transporte, colocación, compactación de la misma y transporte interno. Y su medida será en sitio ya compactado. | D60: m2 | E60: 308 | G60: =+F60*E60 -> 0
B61: 3,2,6 | C61: SUMINISTRO E INSTALACIÓN DE GEOTEXTIL no tejido que cumpla con las especificaciones, se instalara sobre la superficie de la grava, incluye todo lo necesario para la correcta ejecución de la actividad y funcionamiento. | D61: m2 | E61: 308 | G61: =+F61*E61 -> 0
B62: 3,2,7 | C62: LLENO EN ARENA SILICE, con un espesor de 20 cm (zona perimetral de la cancha). Incluye el suministro, transporte, colocación, compactación de la misma y transporte interno. Y su medida será en sitio ya compactado. | D62: ml | E62: 436.01 | G62: =+ROUNDUP(F62*E62,0) -> 0
B63: 3.3 | C63: CONCRETOS Y MORTEROS | G63: =SUM(G64:G66) -> 0
B64: 3,3,1 | C64: SUMINISTRO Y COLOCACIÓN DE CONCRETO CICLOPEO con h: 3 hasta 5 cm, concreto de 17,5 Mpa, grava de 3/4", incluye todo lo necesario para su correcta ejecución y funcionamiento. | D64: m2 | E64: 10.8 | G64: =+ROUNDUP(F64*E64,0) -> 0
B65: 3,3,2 | C65: SUMINISTRO E INSTALACIÓN DE BORDILLO PREFABRICADO ,0,80 x 0,35 x 0,15 m, incluye mortero de pega y todo lo necesario para su correcta construcción. | D65: ml | E65: 93 | G65: =+ROUNDUP(F65*E65,0) -> 0
B66: 3,3,3 | C66: Construcción de CAJA DESARENADORA 60x60x80 cm en concreto de 21Mpa. Incluye suministro, transporte e instalación de herraje (marco y tapa de 60x60 cm en ángulo de 2"x1/8"), excavación, capa de lleno de arenillas de hasta 7 cm y acero de refuerzo y empalme de las redes existente y redes nuevas a la caja. Incluye todos los elementos necesarios para su correcta construcción y funcionamiento. Según normas técnicas de EEPP de Medellín. | D66: und | E66: 1 | G66: =+ROUNDUP(F66*E66,0) -> 0
B67: 3.4 | C67: ACUEDUCTO | G67: =SUM(G68:G71) -> 0
B68: 3,4,1 | C68: Suministro, Transporte e Instalación de TUBERÍA PVC PERFORADA ф 8 pulgadas, instalada según especificaciones de la supervisión (lugar y pendiente). se debe tener claridad sobre proceso constructivo, Incluye: soportes, tapón, limpiador, pegante, empalme a red existente o nueva y todo lo necesario para su correcta instalación. | D68: ml | E68: 28 | G68: =+F68*E68 -> 0
B69: 3,4,2 | C69: Suministro, Transporte e Instalación de TUBERÍA ALCANTARILLADO NOVAFORT ф 6 pulgadas. Incluye: Excavación de Profundidad de hasta 60 cm, soportes, tapón, limpiador, pegante, empalme a la red existente o nueva y todo lo necesario para su correcta instalación. | D69: ml | E69: 20 | G69: =+F69*E69 -> 0
B70: 2,4,3 | C70: MANTENIMIENTO DE REDES DE 4" HASTA 8" , incluye revisión con gusanillo, limpieza y botada de residuos en sitios autorizados y todo lo necesario para la correcta ejecución de la actividad. | D70: día | E70: 1 | G70: =+F70*E70 -> 0
B71: 3,4,4 | C71: MANTENIMIENTO DE CAJAS DE DESAGUES O SUMIDEROS CON MEDIDAS DE HASTA 60x0,60, incluye limpieza, reaparación de sus partes internas en caso de requerirse, verificación de pendiente y botada de residuos, además de todo lo necesario para el cumplimiento de la actividad. | D71: und | E71: 5 | G71: =+F71*E71 -> 0
B72: 3.5 | C72: DOTACIONES | G72: =SUM(G73:G76) -> 0
B73: 3,5,1 | C73: SUMINISTRO E INSTALACIÓN DE POSTE REDONDO EN METAL GALVANIZADO con acabado alcolchonado con bordes y aristas redondeadas, altuta libre 2,43m, desde superficie de arena, debe estar anclado a superficie de terreno en pedestal de concreto incluye todo lo necesario para la correcta ejecución de la actividad. | D73: und | E73: 2 | G73: =+ROUND(F73*E73,0) -> 0
B74: 3,5,2 | C74: SUMINISTRO E INSTALACIÓN DE LINEAS DE DEMARCACIÓN (cintas elasticas de politileno o pvc) de 5-8 cm de ancho color definido por la supervisión y anclado con angulo de 45°, incluye los 4 postes de soporte de la linea al igual que todo lo necesario para la correcta ejecución de la actividad. | D74: ml | E74: 54 | G74: =+ROUND(F74*E74,0) -> 0
B75: 3,5,3 | C75: SUMINITRO E INSTALACIÓN DE SILLA DE ARBITRO EN ACERO, resistente a la intemperie y acabado según especificaciones de supervisión, incluye todo lo necesario para la correcta instalación y funcionamiento. | D75: und | E75: 1 | G75: =+ROUND(F75*E75,0) -> 0
B76: 3,5,4 | C76: Suministro, transporte e INSTALACIÓN DE MALLA PARA CANCHA DE TENNIS, incluye guaya en acero galvanizado de alta duración, malla en doble costura con costuras laterales y cinta central incluida.. Así como demás items necesarios para su correcta instalación. | D76: und | E76: 1 | G76: =+ROUND(F76*E76,0) -> 0
B77: 3.6 | C77: ESTRUCTURA TIPO KIOSKO | G77: =SUM(G78:G79) -> 0
B78: 3,6,1 | C78: CONSTRUCCIÓN DE ESTRUCTURA ABIERTA DE 10.00 × 10.00 m TIPO KIOSCO con soportes perimetrales en madera cilíndrica inmunizada, acabado natural. Cubierta en paja tipo palma sobre correas de madera. | D78: und | E78: 1 | G78: =+ROUND(F78*E78,0) -> 0
B79: 3,6,2 | C79: Construccion de LOSA EN CONCRETO DE 28MPa con malla electrosoldada D-188 con un espesor de 10 cm.Instalacion de plastico aislante. Incluye pruebas de resistencia acorde a la normativa vigente y todos los elementos necesarios para la correcta ejecucion, INCLUYE TRATAMIENTO CON DESTRONCADORA PARA ACABADO DE CONCRETO PULIDO. | D79: m2 | E79: 100 | G79: =+ROUND(F79*E79,0) -> 0
B80: 3.7 | C80: AREAS DE SOMBRA Y ZONA DECK | G80: =SUM(G81:G90) -> 0
B81: 3,7,1 | C81: EXCAVACIÓN MANUAL de material heterogéneo DE 0-1 m para cimentaciones, bajo cualquier grado de humedad. Incluye: roca descompuesta, bolas de roca de volumen inferior a 0.35 m³, el cargue, transporte interno y externo, factor de expansión (30%), botada de material proveniente de las excavaciones en los sitios donde lo indique la supervisión de Comfenalco y su medida será en el sitio. | D81: m3 | E81: 9.06 | G81: =+ROUND(F81*E81,0) -> 0
B82: 3,7,2 | C82: Suministro, transporte e instalación de ACERO DE REFUERZO FIGURADO FY= 420 Mpa-60000 PSI, para CIMENTACIONES segun diseños. Incluye corte, figurado, y amarres con alambre recocido para garantizar estabilidad.corrugado. Incluye transporte con descarga, transporte interno, alambre de amarre, certificados y todos los elementos necesarios para su correcta instalación, según diseño y recomendaciones estructurales. | D82: kg | E82: 100.57 | G82: =+ROUND(F82*E82,0) -> 0
B83: 3,7,3 | C83: Suministro, transporte y colocación de CONCRETO CLASE D (28MPa) para cimentaciones según diseños. | D83: m3 | E83: 2.16 | G83: =+ROUND(F83*E83,0) -> 0
B84: 3,7,4 | C84: Suministro, transporte y COLOCACIÓN DE BASE GRANULAR reacomodado con medios mecánicos y compactado al 98% mínimo del ensayo del Proctor modificado según normas para la construcción de pavimentos del INVIAS. Incluye todo lo necesario para su correcta construcción y funcionamiento. Su medida será tomada en sitio ya compactado. | D84: m2 | E84: 46 | G84: =+ROUND(F84*E84,0) -> 0
B85: 3,7,5 | C85: Suministro e instalación de ADOQIÓN PREFABRICADO TIPO DECK en concreto, color por definir, incluye instalación de bloques según diseño y suministro y compactación de camilla en arenilla E=5cm. | D85: m2 | E85: 46 | G85: =+ROUND(F85*E85,0) -> 0
B86: 3,7,6 | C86: Suministro, transporte, fabricación e instalación de PERFILES PARA ÁREA DE SOMBRA en PTS 100x100x2,5mm, y viguetas de 90x50x2mm incluye soldadura de electrodo revestido E7018, incluye conexiones, pintura anticorrosiva, acabado final, pernos de anclaje, platinas según diseño y todo lo necesario para su correcta instalación. | D86: Kg | E86: 771.54 | G86: =+ROUND(F86*E86,0) -> 0
B87: 3,7,7 | C87: Suministro, transporte e instalación de TEJA TERMOACUSTICA 11.8 X 1.07m 2mm Cresta Alta Upvc color a definir, incluye andamios, amarras y fijaciones y demás accesorios necesarios para la instalación. | D87: m2 | E87: 39.68 | G87: =+ROUND(F87*E87,0) -> 0
B88: 3,7,8 | C88: Suministro, transporte e instalacion de LAMINA MICROPERFORADA metalica para fachada perimetral según diseños.(h=80cm) | D88: m2 | E88: 30.08 | G88: =+ROUND(F88*E88,0) -> 0
B89: 3,7,9 | C89: Suministro, transporte e instalación de MALLA ELECTROSOLDADA D-084 (4.0 x 4.0mm)15X15 para enredaderas, incluye pintura anticorrosiva y acabado negro mate. | D89: m2 | E89: 3.88 | G89: =+ROUND(F89*E89,0) -> 0
B90: 3,7,10 | C90: Suministro, transporte e instalacion de MESA TIPO PICNIC EN MADERA PLASTICA, conformadas por tablero rectangular con listones, soportados por estructura en "A" inclinadas con bancas laterales integradas. Incluye la instalacion y todos los elementos necesarios para su correcto funcionamiento | D90: und | E90: 6 | G90: =+ROUND(F90*E90,0) -> 0
B91: 3.8 | C91: AREAS DE SOMBRA Y ZONA DECK | G91: =SUM(G92:G96) -> 0
B92: 3,8,1 | C92: EXCAVACIÓN MANUAL de material heterogéneo DE 0-1 m para cimentaciones, bajo cualquier grado de humedad. Incluye: roca descompuesta, bolas de roca de volumen inferior a 0.35 m³, el cargue, transporte interno y externo, factor de expansión (30%), botada de material proveniente de las excavaciones en los sitios donde lo indique la supervisión de Comfenalco y su medida será en el sitio. | D92: m3 | E92: 5.42 | G92: =+ROUND(F92*E92,0) -> 0
B93: 3,8,2 | C93: CONFORMACIÓN DE SUBRASANTE CON MEDIOS MANUALES O MECÁNICOS, incluye conformación, nivelación y compactación al 98% del proctor estandar. | D93: m2 | E93: 54.17 | G93: =+ROUND(F93*E93,0) -> 0
B94: 3,8,3 | C94: Suministro, transporte y colocación de BASE GRANULAR, reacomodado con medios mecánicos y compactado al 98% mínimo del ensayo del Proctor modificado según normas para la construcción de pavimentos del INVIAS. Incluye todo lo necesario para su correcta construcción y funcionamiento. Su medida será tomada en sitio ya compactado. | D94: m3 | E94: 5.42 | G94: =+ROUND(F94*E94,0) -> 0
B95: 3,8,4 | C95: Suministro, transporte e instalacion de PASOS EN CONCRETO prefabricado 1,00x0,50 m para sendero, E=0,06m, acabado con textura antideslizante, bordes rectos y aristas biseladas. Incluye la instalacion y fijacion siguiendo el distanciamiento del sendero existente y todos los elementos necesarios para su correcta instalacion | D95: und | E95: 60 | G95: =+ROUND(F95*E95,0) -> 0
B96: 3,8,5 | C96: SUMINISTRO Y SIEMBRA DE ESPECIES ORNAMENTALES Incluye tierra abonada | D96: und | E96: 50 | G96: =+ROUND(F96*E96,0) -> 0
E97: COSTOS DIRECTOS | G97: =+ROUND(G7+G31+G50,2) -> 0

Sheet AU
B1: =+RESUMEN!C3 -> Reparaciones locativas y modificaciones de menor complejidad en escenarios deportivos en el Parque Club Comfenalco Guayabal en el Distrito de Medellín, y el Parque los Encuentros, en el municipio de Apartadó, Antioquia | H1: #VALUE!
B2: ANÁLISIS DESGLOSE DE LA ESTRUCTURA DEL PORCENTAJE DE ADMINISTRACIÓN | H2: COSTOS DIRECTOS: | L2: =+RESUMEN!D19 -> 0
H3: AU ESTIMADO : | L3: =+K36 -> 0
H4: VALOR CONTRACTUAL | L4: =IFERROR(+RESUMEN!D24,0) -> 0
H5: PLAZO EN MESES: | L5: =+RESUMEN!C6 -> 3
B6: Item | C6: Nombre | D6: Unidad | E6: Duración | F6: Cant | G6: Dedicación | H6: Valor | I6: Aux Transporte | J6: Factor Prestacional | K6: Porcentaje sobre el contrato | L6: Subtotal
B7: 1 | C7: Personal de Admón. del Contrato
B8: 1.01 | C8: Director de Obra | D8: Mes | E8: =+L5 -> 3 | F8: 1 | G8: 0.6 | L8: =ROUNDUP(((E8*G8*H8*F8*(1+J8))+(I8*E8)),0) -> 0
B9: 1.02 | C9: Residente obra civil | D9: Mes | E9: =+L5 -> 3 | F9: 2 | G9: 1 | L9: =ROUNDUP(((E9*G9*H9*F9*(1+J9))+(I9*E9)),0) -> 0
B10: 1.04 | C10: Tecnologo SST/ Ambiental | D10: Mes | E10: =+L5 -> 3 | F10: 2 | G10: 1 | L10: =ROUNDUP(((E10*G10*H10*F10*(1+J10))+(I10*E10)),0) -> 0
B11: 1.12 | C11: Almacenista y apoyo logístico | D11: Mes | E11: 3 | F11: 2 | G11: 1 | L11: =ROUNDUP(((E11*G11*H11*F11*(1+J11))+(I11*E11)),0) -> 0
B12: 2 | C12: Instalaciones provisionales
B13: 2.01 | C13: Zona de acopio | D13: gl | E13: 1 | F13: 2 | L13: =ROUNDUP((E13*H13*F13*(1+J13)),0) -> 0
B14: 2.02 | C14: Almacen | D14: gl | E14: 1 | F14: 2 | L14: =ROUNDUP((E14*H14*F14*(1+J14)),0) -> 0
B15: 3 | C15: Gastos administrativos
B16: 3.01 | C16: Gastos de papelería y permisos | D16: Mes | E16: =+$L$5 -> 3 | F16: 2 | L16: =ROUNDUP((E16*H16*F16*(1+J16)),0) -> 0
B17: 3.02 | C17: Computadores y software | D17: un/mes | E17: =+$L$5 -> 3 | F17: 7 | L17: =ROUNDUP((E17*H17*F17*(1+J17)),0) -> 0
B18: 3.03 | C18: Medio de comunicación (celular, Internet) | D18: un/mes | E18: =+$L$5 -> 3 | F18: 7 | L18: =ROUNDUP((E18*H18*F18*(1+J18)),0) -> 0
B19: 3.04 | C19: Mobiliario de oficina (4 puestos de trabajo + 2 impresora) | D19: un | E19: =+$L$5 -> 3 | F19: 1 | L19: =ROUNDUP((E19*H19*F19*(1+J19)),0) -> 0
B20: 3.06 | C20: Viáticos para Director - LOS ENCUENTROS (semanal) | D20: Mes | E20: 3 | F20: 4 | L20: =ROUNDUP((E20*H20*F20*(1+J20)),0) -> 0
B21: 3.05 | C21: Transporte intermunicipal de residentes - LOS ENCUENTROS (4 trayectos) | D21: Mes | E21: 3 | F21: 2 | L21: =ROUNDUP((E21*H21*F21*(1+J21)),0) -> 0
B22: 3.06 | C22: Alojamiento - LOS ENCUENTROS | D22: Mes | E22: 3 | F22: 1 | L22: =ROUNDUP((E22*H22*F22*(1+J22)),0) -> 0
B23: 3.06 | C23: Planos As Built | D23: gl | E23: 1 | F23: 2 | L23: =ROUNDUP((E23*H23*F23*(1+J23)),0) -> 0
B24: 3.07 | C24: Gastos oficina central | D24: Mes | E24: =+$L$5 -> 3 | F24: 1 | L24: =+H24*E24*G24 -> 0
B25: 5 | C25: Ambiental
B26: 5.01 | C26: Implementación de PMA | D26: gl | E26: 1 | F26: 2 | L26: =+H26*E26*F26 -> 0
B27: 6 | C27: Seguridad Salud y Trabajo
B28: 6.01 | C28: Implementación de SST | D28: gl | E28: 1 | F28: 2 | L28: =+H28*E28*F28 -> 0
B29: 7 | C29: Cargos sobre el valor de la oferta
B30: 7.01 | C30: Impuesto del 4/1000 | D30: % | K30: 0.004 | L30: =ROUNDUP((K30*$L$4),0) -> 0
B31: 7.05 | C31: FIC | D31: % | K31: 0.0025 | L31: =ROUNDUP((K31*$L$4),0) -> 0
D32: ADMINISTRACIÓN | L32: =SUM(L7:L31) -> 0
D33: CORRECCIÓN DECIMALES | L33: =+IFERROR(RESUMEN!D20-L32,"") -> 0
D34: TOTAL ADMINISTRACIÓN | K34: =IFERROR(+ROUND(L32/L2,4),0) -> 0 | L34: =(+L32+L33) -> 0
D35: UTILIDAD | L35: =+ROUND(L2*K35,0) -> 0
D36: AU TOTAL | K36: =+K35+K34 -> 0 | L36: =+L34+L35 -> 0
